 Dungeon Crawl Stone Soup version 0.23.0 (webtiles) character file.

Game seed: 2992622147201518405

6160 BarneyGumball the Cleaver (level 10, 0/81 HPs)
             Began as a Deep Dwarf Fighter on Feb 22, 2019.
             Was a Believer of Makhleb.
             Slain by a two-headed ogre
             ... wielding a +0 giant club
              (17 damage)
             ... on level 9 of the Dungeon.
             The game lasted 00:12:21 (6894 turns).

BarneyGumball the Cleaver (Deep Dwarf Fighter)      Turns: 6894, Time: 00:12:21

Health: 0/81       AC: 11    Str: 22    XL:     10   Next: 60%
Magic:  5/5        EV: 10    Int: 10    God:    Makhleb [**....]
Gold:   460        SH: 17    Dex: 17    Spells: 9/9 levels left

rFire    . . .     SeeInvis .   a - +1 war axe
rCold    + . .     Gourm    .   p - +0 large shield {reflect}
rNeg     . . .     Faith    .   e - +0 chain mail
rPois    .         Spirit   .   (no helmet)
rElec    .         Reflect  +   (no cloak)
rCorr    .         Harm     .   (no gloves)
MR       +....                  (no boots)
Stlth    ..........             (no amulet)
HPRegen  0.00/turn              w - ring of ice
MPRegen  0.09/turn              F - ring of protection from fire

@: agile, non-regenerating, lightly drained
A: damage resistance, heal wounds, sense surroundings 2, no regeneration
a: Heal Wounds, Minor Destruction, Renounce Religion


You were on level 9 of the Dungeon.
You worshipped Makhleb.
Makhleb was pleased with you.
You were not hungry.

You visited 2 branches of the dungeon, and saw 11 of its levels.
You also visited: Sewer.

You collected 553 gold pieces.
You spent 93 gold pieces at shops.

Inventory:

Hand Weapons
 a - a +1 war axe (weapon)
 b - a +2 flail of crushing
Armour
 c - a +0 shield
 e - a +0 chain mail (worn)
 p - a +0 large shield of reflection (worn)
Jewellery
 k - an uncursed amulet of faith
 n - an uncursed ring of ice
 w - a ring of ice (left hand)
 F - a ring of protection from fire (right hand)
Wands
 d - a wand of clouds (3)
 l - a wand of scattershot (8)
 y - a wand of random effects (35)
 D - a wand of polymorph (4)
Scrolls
 g - 4 scrolls of identify
 h - a scroll of random uselessness {unknown}
 i - 2 scrolls of remove curse
 j - 6 scrolls of teleportation
 m - 2 scrolls of fear
 t - a scroll of fog
 z - a scroll of holy word {unknown}
Potions
 o - a potion of agility
 q - 6 potions of curing
 r - 4 potions of flight
 s - a potion of heal wounds
 v - a potion of haste
 x - 2 potions of lignification
 B - a potion of ambrosia
 E - a potion of invisibility
 I - a potion of might
Comestibles
 f - 20 rations


   Skills:
 - Level 2.6 Fighting
 * Level 12.2(12.1) Axes
 + Level 9.3 Armour
 + Level 9.3 Shields
 + Level 3.3 Invocations


You had 9 spell levels left.
You didn't know any spells.
Your spell library contained the following spells:

 Spells                   Type           Power        Failure   Level  Hunger
 Magic Dart               Conj           #...         100%        1    ##.....
 Sandblast                Erth           #.....       100%        1    ##.....
 Blink                    Tloc           N/A          100%        2    ###....
 Call Imp                 Summ           #.......     100%        2    ###....
 Passwall                 Tmut/Erth      #.......     100%        2    ###....
 Slow                     Hex            #.......     100%        2    ###....
 Conjure Flame            Conj/Fire      #.......     100%        3    ####...
 Mephitic Cloud           Conj/Pois/Air  #.......     100%        3    ####...
 Stone Arrow              Conj/Erth      #.....       100%        3    ####...
 Petrify                  Tmut/Erth      #.......     100%        4    #####..
 Lee's Rapid Deconstruct  Erth           #.........   100%        5    ######.


Dungeon Overview and Level Annotations

Branches:
Dungeon (10/15)            Temple (1/1) D:7
   Lair: D:8-11         Orc: D:9-12

Altars:
Ashenzari
Cheibriados
Dithmenos
Elyvilon
Fedhas
Gozag
Hepliaklqana
Kikubaaqudgha
Makhleb
Nemelex Xobeh
Okawaru
Qazlal
Ru
Sif Muna
Trog
Uskayaw
Vehumet
Wu Jian
Xom
Yredelemnul
Zin
The Shining One

Shops:
D:8 [

Annotations:
D:9 2 transporters


Innate Abilities, Weirdness & Mutations

You are resistant to damage.
You can heal yourself by infusing magical energy.
You passively map the area around you.
You do not regenerate.


Message History

You hit the two-headed ogre.
The two-headed ogre is moderately wounded.
The two-headed ogre hits you with a +0 giant club!!
* * * LOW HITPOINT WARNING * * *
You block the two-headed ogre's attack.
You slash the two-headed ogre!
The two-headed ogre is moderately wounded.
You block the two-headed ogre's attack. x2
Your shield prevents you from hitting the two-headed ogre.
The two-headed ogre is moderately wounded.
You slash the two-headed ogre!
The two-headed ogre is heavily wounded.
You block the two-headed ogre's attack.
The two-headed ogre hits you with a +0 giant club!
* * * LOW HITPOINT WARNING * * *
You slash the two-headed ogre!
The two-headed ogre is severely wounded.
The two-headed ogre closely misses you.
The two-headed ogre hits you with a +0 giant club!!
You die...

#.# #..#.##.# ###### #.#
##.#.##.# #.....
#.####.#.##.# ##.####
#......#.##.# #####..)###
#####....##.# ##.....©....
#..<#.#..##.# #..#########
#.###.#..##.# #.##8[:©[$8#
#.....#.(##.####.#Dt$$=$$..
#######.>O@......#CD.......
#########..#Q........
#..#F........ #..#.........
#..#....©.... #..#.........
#..##8.....8# #...#########
#.......©....


You could see a two-headed ogre.

Vanquished Creatures
  Harold (D:8)
  Pikel (D:5)
  A troll (D:9)
  4 hogs (D:7)
  A human (D:7)
  Grum (D:9)
  Menkaure (D:5)
  Edmund (D:6)
  A water moccasin (D:7)
  3 sky beasts
  2 orc warriors
  An ice beast (D:8)
  2 slaves (D:5)
  A black bear (D:9)
  A phantom (D:6)
  2 necrophages
  7 ogres
  2 wolves (D:9)
  3 centaurs (D:8)
  4 bullfrogs
  2 big kobolds
  2 scorpions (D:6)
  4 wights (D:9)
  A howler monkey (D:8)
  2 crimson imps
  5 orc priests
  A bullfrog skeleton (D:7)
  A gnoll shaman (D:5)
  4 hounds
  5 orc wizards
  2 iguanas
  3 worker ants
  A worker ant zombie (D:9)
  14 adders
  4 gnolls
  2 river rats (Sewer)
  2 oozes
  An adder zombie (D:7)
  4 worms
  5 dart slugs
  3 leopard geckos
  24 orcs
  3 ball pythons
  4 giant cockroaches
  5 goblins
  2 hobgoblins
  6 jackals
  13 kobolds
  6 quokkas
  5 bats
  6 frilled lizards
  A jackal skeleton (D:5)
  A quokka skeleton (D:5)
  13 rats
197 creatures vanquished.

Vanquished Creatures (others)
  A slave (D:5)
  A worker ant (D:5)
  An adder (D:5)
3 creatures vanquished.

Grand Total: 200 creatures vanquished

Notes
Turn   | Place    | Note
-------+----------+-------------------------------------------
     0 | D:1      | BarneyGumball the Deep Dwarf Fighter began the quest for
                  | the Orb.
     0 | D:1      | Reached XP level 1. HP: 20/20 MP: 1/1
    63 | D:1      | Reached XP level 2. HP: 25/27 MP: 2/2
   288 | D:1      | Reached skill level 3 in Axes
   575 | D:2      | Reached XP level 3. HP: 30/33 MP: 3/3
   771 | D:2      | Reached XP level 4. HP: 21/40 MP: 4/4
   810 | D:2      | Found a glowing golden altar of the Shining One.
  1037 | D:2      | Reached skill level 4 in Axes
  1039 | D:2      | Found an ancient bone altar of Kikubaaqudgha.
  1350 | D:3      | Found a glowing drain.
  1383 | Sewer    | Entered a sewer
  1450 | Sewer    | Noticed a big kobold
  1461 | Sewer    | Reached XP level 5. HP: 46/46 MP: 5/5
  1504 | Sewer    | Found a white marble altar of Elyvilon.
  1721 | D:3      | Reached skill level 5 in Axes
  2268 | D:4      | Reached XP level 6. HP: 28/55 MP: 6/6
  2568 | D:5      | Entered Level 5 of the Dungeon
  2607 | D:5      | Noticed a slave
  2607 | D:5      | Noticed a slave
  2607 | D:5      | Noticed a slave
  2607 | D:5      | Noticed a slave
  2607 | D:5      | Noticed Pikel
  2623 | D:5      | Killed a slave
  2624 | D:5      | Killed a slave
  2628 | D:5      | Killed Pikel
  2628 | D:5      | Reached skill level 7 in Axes
  2628 | D:5      | Reached skill level 5 in Armour
  2628 | D:5      | Reached skill level 5 in Shields
  2628 | D:5      | Reached XP level 7. HP: 35/61 MP: 7/7
  2703 | D:5      | Noticed Menkaure
  3187 | D:5      | Reached XP level 8. HP: 32/68 MP: 7/7
  3215 | D:5      | Killed Menkaure
  3351 | D:6      | Reached skill level 8 in Axes
  3451 | D:6      | Noticed Edmund
  3464 | D:6      | Killed Edmund
  3888 | D:6      | Reached skill level 9 in Axes
  4091 | D:7      | Found a staircase to the Ecumenical Temple.
  4119 | Temple   | Entered the Ecumenical Temple
  4420 | Temple   | Became a worshipper of Makhleb the Destroyer
  4451 | D:7      | Gained mutation: You passively map the area around you.
                  | [Deep Dwarf growth]
  4451 | D:7      | Reached XP level 9. HP: 44/74 MP: 4/4
  4740 | D:7      | Reached skill level 10 in Axes
  4846 | D:7      | Found a sparkling altar of Nemelex Xobeh.
  5310 | D:8      | Noticed Harold
  5331 | D:8      | Killed Harold
  5331 | D:8      | Reached skill level 11 in Axes
  5335 | D:8      | Reached XP level 10. HP: 64/81 MP: 3/3
  5454 | D:8      | Reached * piety under Makhleb
  5588 | D:8      | Found Wodoijig's Armour Shop.
  5600 | D:8      | Reached skill level 1 in Invocations
  5617 | D:8      | Bought a +0 large shield of reflection for 93 gold pieces
  6018 | D:9      | Noticed a tengu warrior
  6019 | D:9      | Noticed a seven-headed hydra
  6020 | D:9      | Noticed a stone giant
  6021 | D:9      | Found a transporter.
  6021 | D:9      | Found a transporter.
  6410 | D:9      | Reached skill level 12 in Axes
  6442 | D:9      | Reached ** piety under Makhleb
  6459 | D:9      | Noticed Grum
  6499 | D:9      | Killed Grum
  6878 | D:10     | Entered Level 10 of the Dungeon
  6878 | D:10     | Noticed a two-headed ogre
  6894 | D:9      | Slain by a two-headed ogre

Skill      XL: |  1  2  3  4  5  6  7  8  9 10 |
---------------+-------------------------------+-----
Axes           | 3 4 5 7 9 11 12 | 12.2
Armour         | 4 5 6 7 8 9 |  9.3
Shields        | 4 5 6 7 8 9 |  9.3
Invocations    | 3 |  3.3
Fighting       | |  2.6

Action                   |  1- 3 |  4- 6 |  7- 9 | 10-12 || total
-------------------------+-------+-------+-------+-------++-------
Melee: War axe           |   100 |   246 |   299 |   262 ||   907
 Abil: Heal Wounds       |       |     5 |    13 |    13 ||    31
  Use: Scroll            |     1 |     1 |    20 |       ||    22
       Potion            |       |     1 |     1 |     3 ||     5
 Stab: Sleeping          |       |     2 |       |       ||     2
  Eat: Chunk             |       |     6 |     9 |     6 ||    21
Armor: Chain mail        |    66 |   148 |   100 |   107 ||   421
Dodge: Dodged            |    25 |    60 |    54 |    57 ||   196
Block: Shield            |    52 |   150 |   164 |    38 ||   404
       Large shield      |       |       |       |   199 ||   199
       Reflection        |       |       |       |     1 ||     1
